[Event "Team 45 45 League T62"]
[Site "Internet Chess Club"]
[Date "2014.10.05"]
[Round "6"]
[White "RD1974"]
[Black "anna"]
[Result "0-1"]
[WhiteElo "1632"]
[BlackElo "1778"]
[Opening "Réti: King's Indian attack (Barcza system)"]
[ECO "A07"]
[Time "18:00:41"]
[TimeControl "2700+45"]

1. Nf3 d5 2. g3 Nf6 3. Bg2 g6 4. O-O Bg7 5. d3 O-O 6. Nbd2 Nbd7 7. c3 c5 8. Re1
b6 9. e4 e6 10. e5 Ng4 11. d4 cxd4 12. cxd4 Nh6 13. Qa4 Bb7 14. Nb1 Nf5 15. Nc3
a6 16. g4 Ne7 17. Bg5 h6 18. Bh4 Qe8 19. Rad1 Nc6 20. Qa3 b5 21. Ne2 a5 22. b3
b4 23. Qc1 Rc8 24. Qe3 Kh8 25. Bf6 Kh7 26. Ng5+ hxg5 27. Qxg5 Rh8 28. Rd3 Kg8
29. Nf4 Nxf6 30. exf6 Bh6 31. Qxg6+ fxg6 32. Rxe6 Qxe6 33. Nxe6 Nd8 34. Nc5 Bc6
35. g5 Bxg5 36. Rg3 Bxf6 37. Rxg6+ Kf7 38. Rg4 Ne6 39. Nxe6 Kxe6 40. f4 Rcg8 41.
h3 Rxg4 42. hxg4 Bxd4+ 43. Kf1 Be3 44. f5+ Kf6 45. Ke2 Bg5 46. Kd3 Ke5 47. Bf3
Bb5+ 48. Kc2 Rh2+ 49. Be2 Rxe2+ 50. Kd1 Rxa2 51. f6 Bxf6 52. g5 Bxg5 53. Ke1 Ke4
54. Kd1 Kf3 55. Ke1 Ra1# {White checkmated} 0-1

[Event "Team 45 45 League T62"]
[Site "Internet Chess Club"]
[Date "2014.10.04"]
[Round "6"]
[White "tornado100"]
[Black "noblitz-oblige"]
[Result "1-0"]
[WhiteElo "1621"]
[BlackElo "1619"]
[Opening "Bishop's opening: Berlin defense"]
[ECO "C24"]
[Time "09:30:08"]
[TimeControl "2700+45"]

1. e4 e5 2. Bc4 Nf6 3. d3 h6 4. Nc3 Bc5 5. Nf3 d6 6. h3 O-O 7. Na4 a6 8. Nxc5
dxc5 9. a4 Nc6 10. Be3 b6 11. O-O Qe7 12. c3 Bb7 13. Qe2 Rad8 14. Rfd1 Na5 15.
Ba2 c4 16. dxc4 c5 17. Nd2 Bxe4 18. Nxe4 Nxe4 19. Rd5 f5 20. Rad1 Nd6 21. Bf4
Nf7 22. Rxd8 Rxd8 23. Rxd8+ Qxd8 24. Bxe5 Qe7 25. f4 Nc6 26. Bb1 Ncxe5 27. fxe5
Qxe5 28. Qxe5 Nxe5 29. Bxf5 Nxc4 30. Be6+ {Black resigns} 1-0

[Event "Team 45 45 League T62"]
[Site "Internet Chess Club"]
[Date "2014.10.03"]
[Round "6"]
[White "Pierrekurdy"]
[Black "bluesun"]
[Result "0-1"]
[WhiteElo "1612"]
[BlackElo "1478"]
[Opening "Scotch game"]
[ECO "C45"]
[Time "16:04:45"]
[TimeControl "2700+45"]

1. e4 e5 2. Nf3 Nc6 3. d4 exd4 4. Nxd4 Bc5 5. Be3 Nxd4 6. Bxd4 Bxd4 7. Qxd4 Qf6
8. Qxf6 Nxf6 9. Nc3 d6 10. h3 O-O 11. O-O-O Re8 12. Bd3 c6 13. g4 h6 14. f4 d5
15. g5 hxg5 16. fxg5 Nxe4 17. Bxe4 dxe4 18. Rde1 Bf5 19. h4 Rad8 20. Ne2 e3 21.
Ng3 Bh7 22. h5 Re6 23. h6 Rd2 24. hxg7 Rxc2+ 25. Kd1 Rd6# {White checkmated} 0-1

[Event "Team 45 45 League T62"]
[Site "Internet Chess Club"]
[Date "2014.10.06"]
[Round "6"]
[White "backrankbrawler"]
[Black "KnightOfLight"]
[Result "1-0"]
[WhiteElo "1764"]
[BlackElo "1603"]
[Opening "QGD: 3.Nc3"]
[ECO "D31"]
[Time "21:00:31"]
[TimeControl "2700+45"]

1. d4 d5 2. c4 e6 3. Nc3 Nc6 4. cxd5 exd5 5. Bf4 Bb4 6. e3 a6 7. Bd3 Nf6 8. Qc2
O-O 9. a3 Bxc3+ 10. bxc3 Re8 11. Nf3 b5 12. O-O Bb7 13. Rfb1 Na5 14. a4 c6 15.
Bg5 h6 16. Bh4 Nc4 17. h3 g5 18. Bg3 Nh5 19. Bh2 Qb6 20. Bxc4 dxc4 21. Ne5 Rxe5
22. Bxe5 c5 23. axb5 axb5 24. Rxa8+ Bxa8 25. Qf5 Qb7 26. Qf3 Qxf3 27. gxf3 Bxf3
28. Rxb5 cxd4 29. Rb8+ Kh7 30. Bxd4 Ng7 31. Bxg7 Kxg7 32. Kf1 Kg6 33. Rc8 Bd5
34. Ke2 Kh5 35. Rc5 Be6 36. f4 Kh4 37. fxg5 hxg5 38. Kf2 g4 39. hxg4 Kxg4 40.
Re5 Bf5 41. e4 Be6 42. Ke3 Bd7 43. Rc5 Be6 44. Rc7 Kg5 45. Kf3 Bg4+ 46. Kg3 Be6
47. Rc5+ Kf6 48. Kf4 Ke7 49. Ke5 Kd7 50. Ra5 Kc6 51. Ra6+ Kd7 52. Kd4 Kc7 53.
Kc5 Kd7 54. Ra7+ Ke8 55. Kd6 Kf8 56. Re7 Bh3 57. Rc7 Be6 58. Ke5 Kg7 59. Rc6
{Black resigns} 1-0

[Event "Team 45 45 League T62"]
[Site "Internet Chess Club"]
[Date "2014.10.05"]
[Round "6"]
[White "Betamax"]
[Black "amicusUK"]
[Result "1/2-1/2"]
[WhiteElo "1597"]
[BlackElo "1654"]
[Opening "French: exchange variation"]
[ECO "C01"]
[Time "14:00:17"]
[TimeControl "2700+45"]

1. e4 e6 2. d4 d5 3. exd5 exd5 4. c4 c6 5. Bd3 Bd6 6. Ne2 Qf6 7. O-O Ne7 8. Nbc3
Be6 9. c5 Bc7 10. Be3 Nd7 11. Qd2 h6 12. Ng3 Nf5 13. Nxf5 Bxf5 14. b4 a6 15.
Rfe1 O-O 16. a4 Qg6 17. Bxf5 Qxf5 18. b5 axb5 19. axb5 Nf6 20. b6 Rxa1 21. Rxa1
Bb8 22. f3 Re8 23. Ne2 Nh5 24. Bf2 Nf4 25. Nxf4 Qxf4 26. Qxf4 Bxf4 27. Kf1 h5
28. Ra7 Re7 29. h4 {Game drawn by mutual agreement} 1/2-1/2

[Event "Team 45 45 League T62"]
[Site "Internet Chess Club"]
[Date "2014.10.04"]
[Round "6"]
[White "burnsy"]
[Black "Lrn2Mate"]
[Result "1/2-1/2"]
[WhiteElo "1599"]
[BlackElo "1518"]
[Opening "QGD semi-Slav"]
[ECO "D43"]
[Time "07:06:31"]
[TimeControl "2700+45"]

1. Nf3 d5 2. d4 Nf6 3. c4 e6 4. Nc3 c6 5. Bg5 Be7 6. e3 O-O 7. Bd3 Nbd7 8. cxd5
Nxd5 9. Bxe7 Qxe7 10. Qc2 N7f6 11. a3 h6 12. Ne5 Nd7 13. Nf3 e5 14. Nxd5 cxd5
15. Nxe5 Nxe5 16. dxe5 Qxe5 17. O-O b6 18. b4 Bb7 19. Qd2 Qg5 20. f4 Qg4 21. h3
Qe6 22. Bc2 Rac8 23. Qd3 Qe4 24. Qxe4 dxe4 25. Bb3 Rc3 26. Rab1 Rxe3 27. Rfe1
Rxe1+ 28. Rxe1 Re8 29. Kf2 Kf8 30. f5 Ke7 31. Bc2 Kf6 32. g4 h5 33. Ke3 Kg5 34.
gxh5 Kxh5 35. Rg1 g6 36. fxg6 fxg6 37. Rg4 g5 38. Bd1 Kg6 39. h4 Re5 40. Rxg5+
Rxg5 41. hxg5 Kxg5 42. Bb3 Kf5 43. Bg8 Ke5 44. Bb3 a5 45. Bc2 Bd5 46. Bb1 axb4
47. axb4 Kd6 48. Bxe4 Bxe4 49. Kxe4 Kc6 50. Kd4 Kb5 51. Kc3 Ka4 52. Kc4 Ka3 53.
Kb5 Kb3 54. Kxb6 Kxb4 {Game drawn because neither player has mating material}
1/2-1/2

[Event "Team 45 45 League T62"]
[Site "Internet Chess Club"]
[Date "2014.10.02"]
[Round "6"]
[White "Sunny2002"]
[Black "losscause"]
[Result "0-1"]
[WhiteElo "1307"]
[BlackElo "1602"]
[Opening "Caro-Kann: Tartakower (fantasy) variation"]
[ECO "B12"]
[Time "21:00:43"]
[TimeControl "2700+45"]

1. e4 c6 2. d4 d5 3. f3 Qb6 4. c4 e6 5. Nc3 Bb4 6. c5 Bxc3+ 7. bxc3 Qc7 8. c4 b6
9. cxd5 cxd5 10. cxb6 axb6 11. Bb5+ Bd7 12. Bxd7+ Nxd7 13. Ne2 Ne7 14. O-O O-O
15. Bf4 Qc4 16. Qd2 Ra5 17. Qc3 Qxe2 18. Rfe1 Qa6 19. Qc7 Qa7 20. Qxa7 Rxa7 21.
exd5 Nxd5 22. Bd2 Rfa8 23. Rec1 h6 24. Be1 Rxa2 25. Rxa2 Rxa2 26. Bg3 b5 27. Rb1
Nc3 28. Rc1 Ne2+ {White resigns} 0-1

[Event "Team 45 45 League T62"]
[Site "Internet Chess Club"]
[Date "2014.10.05"]
[Round "6"]
[White "NFork"]
[Black "cyborg86"]
[Result "1-0"]
[WhiteElo "2119"]
[BlackElo "1861"]
[Opening "French: Tarrasch, closed variation, main line"]
[ECO "C06"]
[Time "15:30:56"]
[TimeControl "2700+45"]

1. e4 e6 2. d4 d5 3. Nd2 Nf6 4. e5 Nfd7 5. Bd3 c5 6. c3 Nc6 7. Ne2 cxd4 8. cxd4
f6 9. exf6 Nxf6 10. Nf3 Bd6 11. O-O Qc7 12. g3 O-O 13. Bf4 Bd7 14. Kg2 Nh5 15.
Bxd6 Qxd6 16. Nc3 e5 17. Nxe5 Nxe5 18. Bxh7+ Kxh7 19. Qxh5+ Kg8 20. dxe5 Qc6 21.
Ne2 d4+ 22. Kg1 Rf5 23. Qh4 Rxe5 24. Nxd4 Qd5 25. Rad1 Re4 26. Nf3 Qc6 27. Qg5
Bh3 28. Rfe1 Rf8 29. Rd8 Ree8 30. Rexe8 Rxe8 31. Rxe8+ Qxe8 32. Qd5+ Kf8 33. Ne5
Be6 34. Qd6+ Kg8 35. b3 Qc8 36. h4 Bf5 37. Qd5+ Kh7 38. Nc4 Qe8 39. Qxf5+ {Black
resigns} 1-0

[Event "Team 45 45 League T62"]
[Site "Internet Chess Club"]
[Date "2014.10.05"]
[Round "6"]
[White "junard"]
[Black "SlimeDog2"]
[Result "1-0"]
[WhiteElo "2057"]
[BlackElo "2088"]
[Opening "Trompowsky attack (Ruth, Opocenský opening)"]
[ECO "A45"]
[Time "18:01:16"]
[TimeControl "2700+45"]

1. d4 Nf6 2. Bg5 d5 3. Nd2 c5 4. c3 cxd4 5. cxd4 Qb6 6. Qc2 Nc6 7. e3 Nb4 8. Qb3
Bf5 9. Rc1 Ne4 10. Nxe4 Bxe4 11. Qa4+ Nc6 12. Bb5 Rc8 13. Nf3 f6 14. Bf4 g5 15.
Bg3 h5 16. h4 g4 17. Nd2 Bf5 18. O-O Bd7 19. Bd3 Kf7 20. Qc2 Nxd4 21. Qb1 Rxc1
22. Rxc1 Nc6 23. Bh7 Bg7 24. Nb3 e5 25. Nc5 Bc8 26. Bg6+ Ke7 27. Bxh5 Rxh5 28.
Qg6 Kf8 29. Qxh5 Qxb2 30. Rf1 Qc2 31. Nb3 Qxa2 32. Na1 Ne7 33. f3 Qc4 34. fxg4
Bxg4 35. Qh7 Be2 36. Re1 Bd3 37. Qh5 Nf5 38. Bf2 Be4 39. Qg4 Bh6 40. Qg6 Qc6 41.
g4 Bg7 42. gxf5 Qd7 43. Nb3 Bxf5 44. Qg3 Qa4 45. Nc5 Qb4 46. e4 dxe4 47. Rd1 Kf7
48. Qb3+ Qxb3 49. Nxb3 b6 50. Ra1 Bh6 51. Rxa7+ Ke6 52. Ra6 {Black resigns} 1-0

[Event "Team 45 45 League T62"]
[Site "Internet Chess Club"]
[Date "2014.10.03"]
[Round "6"]
[White "Goli"]
[Black "tamtu"]
[Result "1/2-1/2"]
[WhiteElo "1898"]
[BlackElo "2043"]
[Opening "Sicilian: Alapin's variation (2.c3)"]
[ECO "B22"]
[Time "17:37:39"]
[TimeControl "2700+45"]

1. e4 c5 2. c3 Nf6 3. e5 Nd5 4. d4 cxd4 5. cxd4 d6 6. Nf3 e6 7. Bc4 Be7 8. O-O
O-O 9. Bxd5 exd5 10. Nc3 Be6 11. exd6 Qxd6 12. h3 Nc6 13. Bg5 Rfe8 14. Bxe7 Rxe7
15. Re1 h6 16. Rc1 Rae8 17. Qd2 a6 18. Na4 Bf5 19. Rxe7 Rxe7 20. Nc5 Be4 21. Ne1
Qf6 22. Nxe4 Rxe4 23. Nf3 Nxd4 24. Rc8+ Kh7 25. Nxd4 Qxd4 26. Qxd4 Rxd4 27. Rc7
b5 28. Ra7 Rd1+ 29. Kh2 Rd2 30. Rxa6 Rxf2 31. Rd6 Rxb2 32. Rxd5 Rxa2 33. Rxb5
{Game drawn by mutual agreement} 1/2-1/2

[Event "Team 45 45 League T62"]
[Site "Internet Chess Club"]
[Date "2014.10.04"]
[Round "6"]
[White "chess09"]
[Black "jt2000"]
[Result "1-0"]
[WhiteElo "1917"]
[BlackElo "1910"]
[Opening "QGD: Neo-orthodox variation, 7.Bh4"]
[ECO "D56"]
[Time "16:04:41"]
[TimeControl "2700+45"]

1. d4 d5 2. c4 e6 3. Nc3 Be7 4. Nf3 Nf6 5. Bg5 O-O 6. e3 h6 7. Bh4 c6 8. Bd3
dxc4 9. Bxc4 b5 10. Bd3 Bb7 11. O-O a6 12. e4 Re8 13. e5 Nd5 14. Bxe7 Nxc3 15.
Bxd8 Nxd1 16. Rfxd1 Rxd8 17. Be4 Nd7 18. Rac1 Rac8 19. Rd2 f5 20. exf6 Nxf6 21.
Bb1 Rd5 22. Rdc2 Rcd8 23. a3 Kf8 24. Ba2 R5d6 25. h3 Ke7 26. b4 Nh5 27. g3 R6d7
28. Rc3 g5 29. R1c2 Ng7 30. g4 Rf8 31. Ne5 Rxd4 32. Ng6+ Kf7 33. Nxf8 c5 34. f4
gxf4 35. Nxe6 Rd1+ 36. Kf2 Nxe6 37. Bxe6+ Kxe6 38. bxc5 Bc6 39. Re2+ Kf6 40. Re1
Rd2+ 41. Re2 Rd1 42. Rb3 a5 43. Rbb2 Rh1 44. Red2 Rxh3 45. Rd6+ Kg5 46. Re2 f3
47. Red2 Be4 48. c6 Kf4 49. c7 Rh2+ 50. Kg1 Rh4 51. c8=Q Kg3 52. R6d3 Rxg4 53.
Qxg4+ Kxg4 {Black resigns} 1-0

[Event "Team 45 45 League T62"]
[Site "Internet Chess Club"]
[Date "2014.10.03"]
[Round "6"]
[White "TerryMalloy"]
[Black "alexfer"]
[Result "1-0"]
[WhiteElo "1975"]
[BlackElo "2014"]
[Opening "QGD Slav defense: exchange variation"]
[ECO "D10"]
[Time "22:23:47"]
[TimeControl "2700+45"]

1. d4 d5 2. c4 c6 3. cxd5 cxd5 4. Nc3 Nc6 5. e4 e6 6. e5 Qb6 7. Nf3 Nge7 8. Be2
Nf5 9. Na4 Qd8 10. a3 Nh4 11. Nxh4 Qxh4 12. Be3 Bd7 13. O-O Nxe5 14. g3 Qe4 15.
Nc3 Qf5 16. dxe5 Qxe5 17. Qd4 Qxd4 18. Bxd4 a6 19. Rfe1 O-O-O 20. Bb6 Re8 21.
Rac1 Kb8 22. f4 h5 23. h4 g6 24. Bd4 Rg8 25. Be5+ Ka8 26. Bf3 Bc5+ 27. Kg2 Be7
28. Ne2 Rc8 29. Rxc8+ Rxc8 30. Rc1 Rxc1 31. Nxc1 b5 32. b4 Kb7 33. Nd3 Bc8 34.
Bd4 a5 35. Bc5 Bxc5 36. Nxc5+ Kb6 37. Kf2 f6 38. Ke3 Kc6 39. Kd4 Kd6 40. Nd3
axb4 41. axb4 Bd7 42. Be2 Bc8 43. Bd1 Bd7 44. Bc2 Be8 45. Bd1 g5 46. hxg5 fxg5
47. fxg5 e5+ 48. Nxe5 {Black resigns} 1-0

[Event "Team 45 45 League T62"]
[Site "Internet Chess Club"]
[Date "2014.10.12"]
[Round "6"]
[White "Agarnez"]
[Black "martineden"]
[Result "1-0"]
[WhiteElo "1984"]
[BlackElo "1866"]
[Opening "QGD Slav defense: exchange variation"]
[ECO "D10"]
[Time "10:06:11"]
[TimeControl "2700+45"]

1. d4 d5 2. c4 c6 3. cxd5 cxd5 4. Nc3 Nf6 5. Bf4 Nc6 6. e3 e6 7. Bd3 Bd7 8. h3
Be7 9. Nf3 O-O 10. O-O Rc8 11. a3 a6 12. Rc1 Na5 13. Ne5 Be8 14. b4 Nc4 15. Bxc4
dxc4 16. e4 b5 17. d5 exd5 18. exd5 Bd6 19. Qf3 Qc7 20. Rfe1 Bd7 21. Nxd7 Qxd7
22. Bg5 Ne8 23. Ne4 f6 24. Be3 Bb8 25. Nc5 Qd6 26. g3 Nc7 27. Red1 g5 28. Ne4
Qd8 29. Bc5 Rf7 30. Nd6 Ne8 31. Nxf7 Kxf7 32. Qh5+ Kg8 33. Re1 Ng7 34. Qg4 Be5
35. d6 h5 36. Qe4 Qd7 37. Qd5+ Kh7 38. Rxe5 fxe5 39. Qxe5 Kg6 40. Qe4+ Qf5 41.
Qb7 Rd8 42. Kg2 Ne6 43. Qe7 Rf8 44. Be3 h4 45. gxh4 gxh4 46. Rg1 Qe4+ 47. Kh2+
Kh5 48. Rg5+ {Black resigns} 1-0

[Event "Team 45 45 League T62"]
[Site "Internet Chess Club"]
[Date "2014.10.05"]
[Round "6"]
[White "SaltofLife"]
[Black "willhelm"]
[Result "0-1"]
[WhiteElo "1940"]
[BlackElo "1950"]
[Opening "Nimzo-Indian: classical, 4...Nc6"]
[ECO "E33"]
[Time "14:30:36"]
[TimeControl "2700+45"]

1. d4 Nf6 2. c4 e6 3. Nc3 Bb4 4. Qc2 Nc6 5. Nf3 O-O 6. e4 d5 7. e5 Ne4 8. Bd3 f5
9. exf6 Nxf6 10. Be3 dxc4 11. Bxc4 Ne7 12. O-O Ned5 13. Bg5 Be7 14. Rfe1 c6 15.
a3 Nxc3 16. bxc3 Nd5 17. Bxe7 Qxe7 18. Bb3 Rxf3 19. gxf3 Nf4 20. Kh1 Bd7 21. Qe4
Rf8 22. Ra2 Qh4 23. Rg1 Qh3 24. Bc4 Rf6 25. Rg4 Qh6 26. Bf1 Be8 27. Ra1 Bh5 28.
Rg3 Rf5 29. Re1 Bg6 30. Bc4 Rh5 31. Bxe6+ Kf8 {White resigns} 0-1

[Event "Team 45 45 League T62"]
[Site "Internet Chess Club"]
[Date "2014.10.03"]
[Round "6"]
[White "tightfist"]
[Black "jonesey"]
[Result "1-0"]
[WhiteElo "1617"]
[BlackElo "1865"]
[Opening "Réti opening"]
[ECO "A04"]
[Time "23:00:35"]
[TimeControl "2700+45"]

1. Nf3 g6 2. b4 Bg7 3. d4 b6 4. Bb2 c5 5. a3 Ba6 6. Nbd2 Nh6 7. c4 Nf5 8. b5 Bb7
9. e3 O-O 10. Bd3 cxd4 11. Bxf5 dxe3 12. Bxg7 exd2+ 13. Qxd2 Kxg7 14. Qd4+ e5
15. Qxe5+ f6 16. Qg3 Qe7+ 17. Kf1 Qc5 18. Bd3 a6 19. h4 axb5 20. cxb5 Rxa3 21.
Rxa3 Qc1+ 22. Ne1 Re8 23. Be2 Bxg2+ 24. Kxg2 Rxe2 25. Rc3 Qb2 26. Rb3 Qa2 27.
Re3 Rxe3 28. Qxe3 Qd5+ 29. Nf3 {Black resigns} 1-0

[Event "Team 45 45 League T62"]
[Site "Internet Chess Club"]
[Date "2014.10.03"]
[Round "6"]
[White "Holzschlange"]
[Black "ghostfire"]
[Result "1-0"]
[WhiteElo "1816"]
[BlackElo "1729"]
[Opening "Queen's pawn game, Darooha variation "]
[ECO "D11"]
[Time "21:00:50"]
[TimeControl "2700+45"]

1. Nf3 d5 2. d4 Nf6 3. c4 c6 4. Qc2 e6 5. g3 Bb4+ 6. Bd2 Bxd2+ 7. Nbxd2 h6 8.
Bg2 O-O 9. O-O Nbd7 10. Rfd1 Re8 11. Rac1 e5 12. cxd5 Nxd5 13. dxe5 Nxe5 14.
Nxe5 Rxe5 15. Nc4 Re8 16. e4 b5 17. Ne3 Qg5 18. exd5 cxd5 19. Rxd5 Qf6 20. Rxb5
Bd7 21. Rc5 Rad8 22. Qc3 Qa6 23. a3 Be6 24. Bc6 Rf8 25. Nd5 Bh3 26. Nf4 Bc8 27.
Nh5 f6 28. Bd5+ Rxd5 29. Rxd5 Qb7 30. Nf4 g5 31. Rc5 Bf5 32. Rxf5 {Black
resigns} 1-0

[Event "Team 45 45 League T62"]
[Site "Internet Chess Club"]
[Date "2014.10.02"]
[Round "6"]
[White "Constrictor"]
[Black "Warpdrive"]
[Result "1/2-1/2"]
[WhiteElo "1691"]
[BlackElo "1646"]
[Opening "Réti opening"]
[ECO "A05"]
[Time "20:07:10"]
[TimeControl "2700+45"]

1. Nf3 Nf6 2. b4 g6 3. Bb2 Bg7 4. e3 O-O 5. Be2 d5 6. O-O a5 7. b5 c5 8. a4 b6
9. d3 Ne8 10. Bxg7 Nxg7 11. Ne5 f6 12. Nf3 e5 13. d4 e4 14. Nfd2 c4 15. Nc3 Ra7
16. f3 f5 17. fxe4 fxe4 18. Rxf8+ Kxf8 19. Bg4 Nf5 20. Qe2 Rf7 21. Rf1 Qd6 22.
Rf4 h5 23. Bxf5 Bxf5 24. h4 Nd7 25. Nf1 Nf6 26. Ng3 Be6 27. Qf1 Ng4 28. Rxf7+
Bxf7 29. Qe1 Qf6 30. Nf1 Qd6 31. Qd2 {Game drawn by mutual agreement} 1/2-1/2

[Event "Team 45 45 League T62"]
[Site "Internet Chess Club"]
[Date "2014.10.05"]
[Round "6"]
[White "tryanything"]
[Black "Frankly"]
[Result "0-1"]
[WhiteElo "1567"]
[BlackElo "1788"]
[Opening "King's Indian: London system"]
[ECO "A48"]
[Time "05:00:47"]
[TimeControl "2700+45"]

1. d4 Nf6 2. Nf3 g6 3. Bf4 Bg7 4. c3 d6 5. e3 Nh5 6. Bg5 h6 7. Bh4 Nc6 8. Bd3
O-O 9. O-O Bg4 10. h3 Bxf3 11. Qxf3 Qd7 12. Nd2 Bf6 13. Bxf6 Nxf6 14. Rad1 Nh7
15. Qe2 Rae8 16. f4 f5 17. Bb5 a6 18. Bxc6 Qxc6 19. Qc4+ Qxc4 20. Nxc4 Nf6 21.
Nd2 e5 22. Rde1 exd4 23. exd4 Ne4 24. Nxe4 Rxe4 25. g3 Rfe8 26. Kf2 d5 27. Rg1
Kf7 28. h4 h5 29. b4 R8e6 30. a4 Ke7 31. Rxe4 dxe4 32. Re1 Rc6 33. Rc1 Rc4 34.
a5 Kd6 35. Ke3 Kc6 36. Kd2 Kb5 37. Ra1 Rc6 38. Rc1 Kc4 39. Kc2 Re6 40. Re1 e3
41. Re2 c6 42. Re1 e2 43. Kd2 Re4 {White resigns} 0-1

[Event "Team 45 45 League T62"]
[Site "Internet Chess Club"]
[Date "2014.10.05"]
[Round "6"]
[White "DARKwizard1"]
[Black "thecube"]
[Result "0-1"]
[WhiteElo "2010"]
[BlackElo "1857"]
[Opening "Grünfeld: 5.e3"]
[ECO "D94"]
[Time "20:07:29"]
[TimeControl "2700+45"]

1. d4 Nf6 2. c4 g6 3. Nc3 d5 4. Nf3 Bg7 5. e3 O-O 6. Be2 c5 7. O-O cxd4 8. exd4
Nc6 9. Bg5 Be6 10. Qa4 Ne4 11. Rfd1 Rc8 12. Be3 a6 13. Rac1 Nxc3 14. bxc3 dxc4
15. Rb1 Qa5 16. Qxa5 Nxa5 17. Rb6 Rfd8 18. Rdb1 Bd7 19. Bc1 Bb5 20. Ba3 Rc7 21.
Bb4 Nc6 22. Bc5 Nb8 23. a4 Bxa4 24. Rxb7 Rxb7 25. Rxb7 Nd7 26. Bb4 Bb5 27. Ng5
Rc8 28. Bg4 e6 29. Nxe6 Nf6 30. Bh3 Re8 {White resigns} 0-1

[Event "Team 45 45 League T62"]
[Site "Internet Chess Club"]
[Date "2014.10.07"]
[Round "6"]
[White "chessjav"]
[Black "Schachteufel"]
[Result "0-1"]
[WhiteElo "1858"]
[BlackElo "1625"]
[Opening "Queen's pawn game"]
[ECO "D02"]
[Time "16:20:39"]
[TimeControl "2700+45"]

1. d4 d5 2. Nf3 Bf5 3. c4 e6 4. Nc3 c6 5. Bf4 Nf6 6. e3 Bb4 7. Qb3 Bxc3+ 8. bxc3
Qb6 9. c5 Qxb3 10. axb3 Ne4 11. c4 Nd7 12. Nh4 Bg6 13. f3 Nef6 14. Nxg6 hxg6 15.
Bd3 O-O 16. Kf2 Rfe8 17. cxd5 Nxd5 18. Bd6 e5 19. Be4 Nc3 20. Rhe1 exd4 21. exd4
Nxe4+ 22. fxe4 Nf6 23. Kf3 a6 24. Rad1 Re6 25. d5 cxd5 26. exd5 Rxe1 27. Rxe1
Nxd5 28. Re7 Nxe7 29. Bxe7 Re8 30. Bd6 Re1 {White resigns} 0-1

[Event "Team 45 45 League T62"]
[Site "Internet Chess Club"]
[Date "2014.10.04"]
[Round "6"]
[White "Salvatore"]
[Black "CaptK"]
[Result "0-1"]
[WhiteElo "1607"]
[BlackElo "1716"]
[Opening "Trompowsky attack (Ruth, Opocenský opening)"]
[ECO "A45"]
[Time "20:03:27"]
[TimeControl "2700+45"]

1. d4 Nf6 2. Bg5 Ne4 3. h4 d5 4. Nd2 Nxg5 5. hxg5 e6 6. g6 fxg6 7. e3 c5 8. Bd3
Qf6 9. c4 Nc6 10. Qg4 Ne7 11. O-O-O e5 12. Qg3 e4 13. Bxe4 dxe4 14. Nxe4 Qa6 15.
Nd6+ Kd7 16. dxc5 Qxa2 17. Qg4+ Kc7 18. Ne8+ Kc6 19. Rd6+ Kxc5 20. Qd4+ Kb4 21.
Qc3+ Ka4 22. Nc7 Bf5 23. Kd2 Nc6 24. Rh4 g5 25. Rhd4 Nxd4 26. Rxd4 Bb4 27. c5
Qxb2+ {White resigns} 0-1

[Event "Team 45 45 League T62"]
[Site "Internet Chess Club"]
[Date "2014.10.04"]
[Round "6"]
[White "rkaebi"]
[Black "g8wrb"]
[Result "0-1"]
[WhiteElo "1411"]
[BlackElo "1312"]
[Opening "French: Tarrasch, closed variation"]
[ECO "C05"]
[Time "13:00:54"]
[TimeControl "2700+45"]

1. e4 e6 2. d4 d5 3. Nd2 Nf6 4. e5 Nfd7 5. Ngf3 c5 6. c3 Nc6 7. Bd3 Qb6 8. Qb3
cxd4 9. Qxb6 Nxb6 10. cxd4 Be7 11. O-O O-O 12. Nb3 Bd7 13. Ng5 h6 14. Nf3 Rac8
15. Bd2 Nb4 16. Bxb4 Bxb4 17. a3 Be7 18. Nc1 a5 19. Ne2 Rc7 20. Nc3 Nc4 21. Bxc4
Rxc4 22. Rac1 Rfc8 23. Ne2 Rc2 24. Rxc2 Rxc2 25. Ng3 Rxb2 26. Rc1 Bd8 27. h4 Kf8
28. Rc3 Ke7 29. h5 Ke8 30. Kf1 b5 31. Ne1 Bb6 32. Ne2 Kd8 33. Nd3 Rb1+ 34. Rc1
Rb3 35. Nc5 Rxa3 36. Nb7+ Ke8 37. Nd6+ Ke7 38. Nc8+ Bxc8 39. Rxc8 Kd7 40. Rb8
Ra1+ {White resigns} 0-1

[Event "Team 45 45 League T62"]
[Site "Internet Chess Club"]
[Date "2014.10.05"]
[Round "6"]
[White "SeniorCitizen"]
[Black "pcvan"]
[Result "0-1"]
[WhiteElo "1360"]
[BlackElo "1537"]
[Opening "Scandinavian: Pytel-Wade variation"]
[ECO "B01"]
[Time "12:00:25"]
[TimeControl "2700+45"]

1. e4 d5 2. exd5 Qxd5 3. Nc3 Qd6 4. d4 Nf6 5. Nf3 c6 6. Be2 Bg4 7. O-O Nbd7 8.
Be3 e6 9. Qd2 Nd5 10. Nxd5 cxd5 11. Bf4 Qb6 12. c3 Be7 13. Ne5 Nxe5 14. Bxe5
Bxe2 15. Qxe2 O-O 16. Rab1 Bd6 17. Rfe1 Qc7 18. Qg4 Bxe5 19. Rxe5 Rae8 20. Qe2
Rc8 21. f4 Qc4 22. Qxc4 Rxc4 23. f5 Rc6 24. fxe6 fxe6 25. Rf1 a5 26. Rxf8+ Kxf8
27. Re2 b5 28. Rd2 b4 29. cxb4 axb4 30. b3 Ke7 31. Kf2 Kf6 32. Ke3 Kg5 33. Kf3
Rc3+ 34. Kf2 Kf4 35. Ke2 Ke4 36. g3 Re3+ 37. Kf2 Rd3 38. Re2+ Kf5 39. g4+ Kf6
40. g5+ Ke7 41. Rc2 Kd6 42. Rc8 Rxd4 43. Rg8 Rd2+ 44. Ke3 {White resigns} 0-1

[Event "Team 45 45 League T62"]
[Site "Internet Chess Club"]
[Date "2014.10.04"]
[Round "6"]
[White "guyd52"]
[Black "pmxpp"]
[Result "1-0"]
[WhiteElo "1351"]
[BlackElo "1318"]
[Opening "Réti opening"]
[ECO "A05"]
[Time "06:09:00"]
[TimeControl "2700+45"]

1. Nf3 Nf6 2. g3 d5 3. Bg2 c6 4. d3 Bg4 5. Bf4 Nbd7 6. O-O e6 7. Nbd2 Be7 8. c3
O-O 9. Qc2 Re8 10. Rfe1 Rc8 11. e4 dxe4 12. Nxe4 Nd5 13. Bd6 N7f6 14. Nxf6+ Nxf6
15. Be5 h6 16. d4 Bf5 17. Qb3 Qd7 18. Rad1 Ng4 19. Nh4 Nxe5 20. Nxf5 Ng6 21.
Nxe7+ Nxe7 22. Bh3 Nd5 23. Re5 Rc7 24. Bg2 Qc8 25. Rd2 Rd8 26. Qd1 Nf6 27. h4
Rcd7 28. Kh2 Qc7 29. Kh3 Rd6 30. g4 Nd5 31. Qf3 Rf8 32. g5 hxg5 33. Rxg5 f6 34.
Rg6 Ne7 35. Rg4 Nf5 36. Qf4 Rd7 37. Re2 Nh6 38. Qxh6 Re7 39. Qf4 Qd7 40. h5 e5
41. Qg3 f5 42. Rg5 f4+ 43. Qg4 f3 44. Bxf3 Rxf3+ 45. Kg2 Qxg4+ 46. Rxg4 Rf5 47.
h6 Kh7 48. hxg7 Rxg7 49. Rxg7+ Kxg7 50. dxe5 Kf7 51. Kg3 Ke6 52. f4 a6 53. Rd2
a5 54. Rd6+ Ke7 55. Kg4 Rf8 56. f5 Rg8+ 57. Kf4 Rf8 58. f6+ Ke8 59. Kf5 a4 60.
e6 Rh8 61. e7 Rh5+ 62. Ke6 {Black resigns} 1-0

[Event "Team 45 45 League T62"]
[Site "Internet Chess Club"]
[Date "2014.10.04"]
[Round "6"]
[White "gz99754539"]
[Black "clarinetref"]
[Result "0-1"]
[WhiteElo "1396"]
[BlackElo "1611"]
[Opening "Robatsch defense: two knights variation"]
[ECO "B06"]
[Time "21:05:27"]
[TimeControl "2700+45"]

1. e4 g6 2. d4 d6 3. Nf3 Bg7 4. Nc3 a6 5. Bc4 e6 6. Be3 b5 7. Bb3 Bb7 8. O-O b4
9. Ne2 Bxe4 10. Ng3 Bb7 11. Ba4+ Bc6 12. Bxc6+ Nxc6 13. Re1 Nge7 14. Bg5 O-O 15.
Ne4 f6 16. Bh4 Nf5 17. Bg3 Nce7 18. Bf4 Nd5 19. Bd2 a5 20. c4 bxc3 21. bxc3 Qd7
22. c4 Nb6 23. c5 Nc4 24. Bc3 d5 25. Ned2 Nxd2 26. Qxd2 Bh6 27. Qc2 a4 28. Bb4
c6 29. Re2 Rfe8 30. Rae1 Bf4 31. g3 Bc7 32. g4 Ng7 33. Re3 Bf4 34. R3e2 e5 35.
dxe5 Qxg4+ 36. Kf1 Qxf3 37. Rd2 Qh1+ 38. Ke2 Rxe5+ 39. Kd3 Qxe1 40. Bc3 Qe4#
{White checkmated} 0-1